 Crawl Stoat Soup version 0.23-ish-327-95-g181beea39d (console) character file.

779 hilarita the Spear-Bearer (level 7, -2/55 HPs)
             Began as a Merfolk Skald on Apr 14, 2024.
             Was an Initiate of the Shining One.
             Killed by nerve-wracking pain
             ... invoked by Grinder
              (13 damage)
             ... on level 4 of the Dungeon.
             The game lasted 00:13:21 (5867 turns).

hilarita the Spear-Bearer (Merfolk Skald)           Turns: 5867, Time: 00:13:22

Health: -2/55      AC:  5    Str: 13    XL:     7   Next: 85%
Magic:  11/11 (12) EV: 16    Int: 13    God:    the Shining One [......]
Gold:   195        SH:  0    Dex: 16    Spells: 4/13 levels left

rFire    . . .     SeeInvis .   a - +0 spear
rCold    . . .     Gourm    .   (no shield)
rNeg     . . .     Faith    .   l - -1 leather armour (curse)
rPois    +         Spirit   .   q - +0 helmet
rElec    .         Warding  .   (no cloak)
rCorr    .         Reflect  .   i - +1 pair of gloves {Dex+3}
MR       .....     Harm     .   (no boots)
Stlth    +.........             c - amulet of magic regeneration
HPRegen  0.18/turn              r - +2 ring of evasion
MPRegen  0.38/turn              u - ring of poison resistance

@: flying, very slightly contaminated, glowing, infusing, 1 MP reserved for
charms, 0.05 MP regen used to sustain charms
A: change form in water, swift swim, stealthy swim
a: Renounce Religion, End Permanent Enchantments


You were on level 4 of the Dungeon.
You worshipped the Shining One.
The Shining One was noncommittal.
You were not hungry.

You visited 1 branch of the dungeon, and saw 5 of its levels.

You collected 286 gold pieces.
You spent 91 gold pieces at shops.

Inventory:

Hand Weapons
 a - a +0 spear (weapon)
 h - a -2 trident
Missiles
 g - 18 boomerangs (quivered)
Armour
 b - a +0 leather armour
 i - a +1 pair of gloves of dexterity (worn)
 l - a cursed -1 leather armour (worn)
 q - a +0 helmet (worn)
Magical Staves
 y - an uncursed staff of conjuration {unknown}
Jewellery
 c - an amulet of magic regeneration (around neck)
 j - an uncursed amulet of guardian spirit
 r - a +2 ring of evasion (left hand)
 u - a ring of poison resistance (right hand)
 x - an uncursed ring of protection from cold
Scrolls
 e - a scroll of fear
 m - a scroll of fog
 p - 2 scrolls of magic mapping
 t - a scroll of noise
Potions
 k - 4 potions of flight
 o - a potion of heal wounds
 s - 3 potions of curing {unknown}
 v - 2 potions of magic {unknown}
 z - 2 potions of might {unknown}
Comestibles
 d - 2 bread rations
 f - a meat ration
 n - 2 chunks of flesh


   Skills:
 + Level 4.6 Fighting
 * Level 8.2 Polearms
 - Level 0.6 Armour
 + Level 5.5 Dodging
 + Level 3.9 Spellcasting
 - Level 3.2 Charms
 + Level 0.1 Invocations


You had 4 spell levels left.
You knew the following spells:

 Your Spells              Type           Power        Failure   Level  Hunger
a - Infusion              Chrm           11/25        7%          1    None
b - Shroud of Golubria    Chrm/Tloc      6/50         21%         2    ##.....
c - Regeneration          Chrm/Necr      6/200        80%         4    ####...
d - Song of Slaying       Chrm           11/100       11%         2    ##.....

Your spell library contained the following spells:

 Spells                   Type           Power        Failure   Level  Hunger
 Spectral Weapon          Hex/Chrm       6/100        38%         3    ###....


Dungeon Overview and Level Annotations

Branches:
Dungeon (5/15)
 Temple: D:4-7

Altars:
The Shining One

Shops:
D:4 (

Annotations:
D:4 Grinder


Message History

Grinder says, "Just stop there for a second..."
Grinder closely misses you. The orc hits you but does no damage.
The orc barely misses you.
The orc wizard hits you but does no damage.
You hit Grinder.
Grinder is heavily wounded.
Grinder misses you. The orc hits you with a short sword.
The orc barely misses you. The orc wizard closely misses you.
You feel very buoyant.
You fly up into the air.
Grinder blinks!
The orc hits you with a short sword.
* * * LOW HITPOINT WARNING * * *
The orc barely misses you. The orc wizard barely misses you.
The orc barely misses you.
The orc wizard casts a spell.
The orc wizard seems to speed up.
You see here an orc skeleton.
You are once again magically infusing your attacks.
Grinder gestures at you. Pain shoots through your body!
You die...

..........##.#......## ##..#
###..................# ##..##
##...#######.........# ##..##
#....# ###.......# ##..## .....#
##......# ##..## .....# ###
###....###>..# .....# ##.##
##..###....## .....# ##...###
##..#......# ..(..# #....o>##
##........#### ....## #.....o÷##
##.......#..## ....#
##.....o.@###............# ....#
#..<.......##.###........# #..##
#..........#..# ###......# ####
#............## ##......
#.........5..# #.......
#...........## #.......
##....#.....# #.......
#####.....## #....... ###
###.....## #....... ..###
##.......##########......
....#####.................##.....


You could see Grinder, an orc wizard and 2 orcs.

Vanquished Creatures
  A phantom (D:4)
  Blork the orc (D:4)
  2 scorpions (D:4)
  A killer bee (D:4)
  2 howler monkeys (D:4)
  2 hounds (D:4)
  An iguana (D:3)
  Natasha (twice) (D:4)
  3 orc wizards (D:4)
  A worker ant (D:4)
  A hound skeleton (D:4)
  5 adders
  An ooze (D:3)
  An adder skeleton (D:4)
  6 worms
  5 dart slugs
  3 leopard geckos
  8 orcs (D:4)
  3 ball pythons
  6 bats
  2 giant cockroaches
  10 goblins
  6 hobgoblins
  6 jackals
  2 weasels
  3 frilled lizards
  8 kobolds
  A leopard gecko skeleton (D:4)
  10 rats
103 creatures vanquished.

Notes
Turn   | Place    | Note
-------+----------+-------------------------------------------
     0 | D:1      | hilarita the Merfolk Skald began the quest for the Orb.
     0 | D:1      | Reached XP level 1. HP: 16/16 MP: 3/3
   281 | D:1      | Reached XP level 2. HP: 23/23 MP: 2/5
  1090 | D:2      | Reached XP level 3. HP: 28/28 MP: 2/6
  1120 | D:2      | Reached skill level 4 in Polearms
  1664 | D:2      | Reached XP level 4. HP: 34/34 MP: 1/7
  2420 | D:3      | Reached skill level 5 in Polearms
  2613 | D:3      | Reached XP level 5. HP: 39/41 MP: 5/9
  2716 | D:3      | Learned a level 2 spell: Shroud of Golubria
  2721 | D:3      | Learned a level 4 spell: Regeneration
  2724 | D:3      | Learned a level 2 spell: Song of Slaying
  2945 | D:4      | Noticed a phantom
  2973 | D:4      | Killed a phantom
  2973 | D:4      | Reached skill level 6 in Polearms
  2973 | D:4      | Reached XP level 6. HP: 10/47 MP: 4/10
  3491 | D:4      | Found a transporter.
  3498 | D:4      | Found a transporter.
  3506 | D:4      | Found a glowing golden altar of the Shining One.
  3528 | D:4      | Noticed Natasha
  3535 | D:4      | Killed Natasha
  3580 | D:4      | Noticed Natasha
  3592 | D:4      | Killed Natasha
  3782 | D:4      | Noticed Blork the orc
  3794 | D:4      | Killed Blork the orc
  3802 | D:4      | Reached skill level 7 in Polearms
  4064 | D:4      | Reached XP level 7. HP: 51/53 MP: 7/12
  4223 | D:4      | Reached skill level 5 in Dodging
  4224 | D:4      | Found Benank's Antique Weapon Boutique.
  4485 | D:4      | Bought a trident for 91 gold pieces
  4619 | D:4      | HP: 3/54 [orc/dagger (5)]
  4626 | D:4      | HP: 2/82 [poisoned by a scorpion]
  4634 | D:4      | HP: 2/82 [poisoned by a scorpion]
  5336 | D:4      | Reached skill level 8 in Polearms
  5398 | D:4      | Became a worshipper of the Shining One
  5825 | D:5      | Displaced on stairs
  5825 | D:5      | Entered Level 5 of the Dungeon
  5825 | D:5      | Noticed Grinder
  5867 | D:4      | Killed from afar by Grinder

Vault maps used:
D:1:      dpeg_arrival_morbid_curiosity
D:4:      gammafunk_temple_overflow_arena, first_bread, serial_shops,
          nicolae_shop_competitors_out_of_business, uniq_blork_the_orc,
          uniq_natasha
D:5:      minmay_temple_entry_from_below_b, portal_sewer_entry_a, uniq_grinder

Skill      XL: |  1  2  3  4  5  6  7 |
---------------+----------------------+-----
Dodging        | 3 4 5 |  5.5
Polearms       | 4 5 6 7 8 |  8.2
Fighting       | 3 4 |  4.6
Spellcasting   | 3 |  3.9
Armour         | |  0.6
Charms         | |  3.2
Invocations    | |  0.1

Action                   |  1- 3 |  4- 6 |  7- 9 || total
-------------------------+-------+-------+-------++-------
Melee: Spear             |    87 |   210 |   137 ||   434
Throw: Boomerang         |       |     8 |     9 ||    17
 Cast: * Infusion        |    26 |    41 |    14 ||    81
  Use: Scroll            |     7 |     3 |     1 ||    11
       Potion            |       |       |     4 ||     4
 Stab: Sleeping          |     3 |     2 |       ||     5
       Invisible         |       |       |     7 ||     7
  Eat: Chunk             |     2 |     5 |     4 ||    11
       Bread ration      |       |     1 |       ||     1
Armor: Leather armour    |     9 |    26 |    12 ||    47
       Skin              |       |       |     5 ||     5
Dodge: Dodged            |    31 |   122 |   118 ||   271
* Casting counts for permanent charms are approximate representations of how often the player would have had to cast a non-permanent spell for the same benefits.

Table legend:
 A = Spawn XP
 B = Non-spawn XP
 C = Spawn XP percentage of total XP
 D = Spawn monster count
 E = Non-spawn monster count
 F = Spawn count percentage of total count
 G = Total turns spent on level
                    A         B        C        D         E        F      G
               +---------+---------+-------+---------+---------+-------+---------
         Total |     215 |     899 |  19.3 |      17 |      86 |  16.5 |  5867
               +---------+---------+-------+---------+---------+-------+---------
           D:1 |       6 |      25 |  19.4 |       3 |      13 |  18.8 |  1081
           D:2 |       2 |      73 |   2.7 |       1 |      26 |   3.7 |  1044
           D:3 |      20 |      93 |  17.7 |       4 |      21 |  16.0 |   789
           D:4 |     187 |     708 |  20.9 |       9 |      26 |  25.7 |  2948
               +---------+---------+-------+---------+---------+-------+---------
